 Dungeon Crawl Stone Soup version 0.31-a0-986-g5e6e4ef867 (webtiles) character file.

Game seed: 18024388673123625832

8560 serber55 the Frost Mage (level 11, -9/90 HPs)
             Began as a Demonspawn Ice Elementalist on Nov 9, 2023.
             Was an Initiate of Gozag.
             Mangled by a fire giant
             ... wielding a +0 great sword of flaming
              (19 damage)
             ... on level 10 of the Dungeon.
             The game lasted 00:41:22 (10329 turns).

serber55 the Frost Mage (DsIE)                     Turns: 10329, Time: 00:41:23

Health: -9/90      AC: 13    Str:  9    XL:     11   Next: 11%
Magic:  24/30      EV: 15    Int: 25    God:    Gozag
Gold:   1383       SH:  0    Dex: 17    Spells: 12/23 levels left

rFire   . . .        B - +4 dagger (freeze)
rCold   . . .        t - orb {*channel}
rNeg    . . .        a - +0 robe
rPois   .            (helmet unavailable)
rElec   .            e - +0 cloak
rCorr   .            g - +0 pair of gloves
SInv    .            (no boots)
Will    .....        (no amulet)
Stlth   ++           o - ring of magical power
HPRegen 0.35/turn    z - +6 ring of intelligence
MPRegen 0.22/turn

%: channel magic (20%)
@: mighty, ice-armoured, about to teleport, gold aura, invisible
A: horns 3, ignite blood 2, demonic magic 1, hooves 1, agile 1, screaming 1
a: Renounce Religion, Potion Petition, Call Merchant, Bribe Branch


You were on level 10 of the Dungeon.
You worshipped Gozag.
Gozag was most pleased with you.
You visited 2 branches of the dungeon, and saw 11 of its levels.
You also visited: Sewer.

You collected 1469 gold pieces.
You paid 86 gold pieces to Gozag.

Inventory:

Hand Weapons
 l - a +3 short sword of draining
 B - a +4 dagger of freezing (weapon)
Missiles
 f - 25 poisoned darts (quivered)
Armour
 a - a +0 robe (worn)
 e - a +0 cloak (worn)
 g - a +0 pair of gloves (worn)
 t - an orb of energy (worn)
Jewellery
 o - a ring of magical power (left hand)
 v - an amulet of guardian spirit
 z - a +6 ring of intelligence (right hand)
 C - a +5 ring of evasion
 D - a ring of willpower
 F - a ring of poison resistance
Wands
 s - a wand of polymorph (6)
 u - a wand of roots (16)
 E - a wand of acid (4)
Scrolls
 d - 2 scrolls of noise
 h - a scroll of amnesia
 k - 2 scrolls of poison
 w - 2 scrolls of teleportation
 y - a scroll of vulnerability
Potions
 b - a potion of magic
 c - a potion of enlightenment
 i - 6 potions of attraction
 j - 2 potions of resistance {unknown}
 p - a potion of brilliance {unknown}
 q - 2 potions of curing
 r - 2 potions of lignification
 x - a potion of might
 A - a potion of ambrosia {unknown}


   Skills:
 + Level 9.7 Fighting
 + Level 6.7 Dodging
 - Level 1.7 Stealth
 + Level 6.7 Spellcasting
 * Level 10.2 Ice Magic


You had 12 spell levels left.
You knew the following spells:

 Your Spells              Type           Power      Damage    Failure   Level
a - Freeze                Ice            100%       1d10      1%          1
b - Frozen Ramparts       Ice            100%       1d16      2%          3
c - Ozocubu's Armour      Ice            56%        N/A       2%          3
d - Summon Ice Beast      Ice/Summ       34%        N/A       22%         4

Your spell library contained the following spells:

 Spells                   Type           Power      Damage    Failure   Level
 Ensorcelled Hibernation  Hex/Ice        68%        N/A       6%          2
 Necrotise                Necr           32%        1d5       19%         1
 Lesser Beckoning         Tloc           16%        N/A       26%         2
 Passwall                 Tmut/Erth      6%         N/A       26%         2
 Gell's Gravitas          Tloc           8%         N/A       41%         3
 Swiftness                Air            8%         N/A       41%         3
 Teleport Other           Tloc           8%         N/A       41%         3
 Vampiric Draining        Necr           8%         2d6       41%         3
 Agony                    Necr           8%         N/A       96%         5


Dungeon Overview and Level Annotations

Branches:
Dungeon (10/15)            Temple (1/1) D:5           Sewer (visited)
   Lair: D:8-11         Orc: D:9-12

Altars:
Ashenzari
Cheibriados
Dithmenos
Fedhas
Gozag
Hepliaklqana
Kikubaaqudgha
Makhleb
Nemelex Xobeh
Okawaru
Qazlal
Ru
Sif Muna
Trog
Uskayaw
Vehumet
Wu Jian
Xom
Yredelemnul

Shops:
D:5 [


Innate Abilities, Weirdness & Mutations

You have a pair of large horns on your head.
Your demonic aura often causes spilled blood to erupt in flames.
Spells you cast may paralyse adjacent enemies.
You have large cloven feet.
You are agile. (Dex +4, Str/Int -1)
You occasionally shout uncontrollably at your foes.


Message History

You freeze the fire giant.
The fire giant is severely wounded.
Malevolent energies surge around you.
The boulder beetle is no longer distracted by gold.
The gnoll sergeant is no longer distracted by gold.
The wall freezes the fire giant.
The fire giant hits you with a +0 great sword of flaming!
The fire giant burns you.
The wall freezes the troll!
The wall freezes the acid dragon!
The heat melts your icy armour.
Unknown command.
Casting: Freeze (safe; 1% risk of failure)
Confirm with . or Enter, or press ? or * to list all spells.
Aiming: Freeze (safe; 1% risk of failure)
Press: ? - help, Shift-Dir - straight line, f/p - fire giant
Aim: a fire giant, wielding a +0 great sword of flaming (severely wounded)
You freeze the fire giant.
The fire giant is severely wounded.
Malevolent energies surge around you.
The wall freezes the fire giant but does no damage.
The fire giant hits you with a +0 great sword of flaming!
* * * LOW HITPOINT WARNING * * *
The fire giant burns you.
* * * LOW HITPOINT WARNING * * *
The wall freezes the troll.
The wall freezes the acid dragon.
The heat melts your icy armour.
Unknown command.
You fade into invisibility!
The wall freezes the fire giant!
The fire giant misses you.
The wall freezes the troll!
You kill the troll!
The wall freezes the acid dragon.
Unknown command.
As you read the scroll of teleportation, it crumbles to dust.
You feel strangely unstable.
The frozen ramparts melt away.
The centaur wields a +0 orcbow.
The centaur shoots an arrow.
The arrow hits the kobold brigand!
The fire giant hits you with a +0 great sword of flaming!!
You die...
Your body crumbles into a pile of gold.

...>.#♣.♣.♣# ♣...
.....#.♣.♣.#
♣..+#####+
.....#♣.♣.♣#
♣..#.....
.....#♣♣.♣♣#♣♣..#....
................#gD.
.....#♣♣.♣♣#♣♣..#Kc
.....#♣.♣.♣# ♣..#K
.....#.♣.♣.#
♣..C#####+.
..(..#♣.♣.♣#
♣..@.......
.....#.♣.♣.#
♣.°........
.....#♣.♣.♣#
♣♣♣♣♣♣.♣♣♣♣
.....#.♣.♣.# ♣
.....####### .......
....... .......
.....>


You could see a fire giant, an acid dragon (unable to see you), 2 kobold
brigands, a gnoll sergeant (unable to see you) and a centaur (unable to see
you).

Vanquished Creatures
  Erica (D:9)
  A tengu warrior (D:8)
  A two-headed ogre (D:9)
  An efreet (D:10)
  A troll (D:10)
  Grinder (D:4)
  2 wyverns
  8 yaks
  A nameless horror (D:9)
  A vampire mosquito (D:10)
  2 sky beasts
  2 water moccasins
  3 orc warriors
  A black bear (D:8)
  6 centaurs
  A phantom (D:6)
  A kobold brigand (D:9)
  6 bullfrogs
  7 scorpions
  23 wights
  4 killer bees (D:9)
  A gnoll bouda (D:9)
  An iron imp (D:6)
  Crazy Yiuf (D:4)
  6 orc priests
  2 jellies (D:7)
  2 iguanas
  Jessica (D:2)
  2 sleepcaps
  Terence (D:2)
  4 orc wizards (D:8)
  Robin (D:2)
  4 gnolls
  10 adders
  A white imp (D:8)
  4 ufetubi
  2 worms
  3 dart slugs
  17 orcs
  11 ball pythons
  19 endoplasms
  9 giant cockroaches
  14 goblins
  11 hobgoblins
  5 jackals (D:4)
  15 kobolds
  15 quokkas
  7 bats
  11 frilled lizards
  7 rats
  A butterfly (D:8)
262 creatures vanquished.

Vanquished Creatures (collateral kills)
  2 wights (D:8)
  An orc wizard (D:8)
  An orc (D:8)
4 creatures vanquished.

Grand Total: 266 creatures vanquished

Notes
Turn   | Place    | Note
-------+----------+-------------------------------------------
     0 | D:1      | serber55 the Demonspawn Ice Elementalist began the quest
                  | for the Orb.
     0 | D:1      | Reached XP level 1. HP: 13/13 MP: 3/3
   251 | D:1      | Gained mutation: You have a pair of small horns on your
                  | head. [demonic ancestry]
   251 | D:1      | Reached XP level 2. HP: 9/20 MP: 0/5
   309 | D:1      | Found a faded altar of an unknown god.
   487 | D:1      | Reached skill level 1 in Fighting
   758 | D:1      | You fall into a shaft and drop 1 floor!
   891 | D:2      | Reached skill level 4 in Ice Magic
   966 | D:2      | Gained mutation: Your demonic aura sometimes causes spilled
                  | blood to erupt in flames. [demonic ancestry]
   966 | D:2      | Reached XP level 3. HP: 24/26 MP: 1/6
   978 | D:2      | Learned a level 3 spell: Frozen Ramparts
  1086 | D:2      | Noticed Robin
  1102 | D:2      | Killed Robin
  1367 | D:1      | Reached XP level 4. HP: 21/33 MP: 5/7
  1859 | D:2      | Noticed Jessica
  1861 | D:2      | Noticed Terence
  1867 | D:2      | Killed Terence
  1874 | D:2      | Killed Jessica
  1958 | D:2      | Learned a level 3 spell: Ozocubu's Armour
  2024 | D:2      | Gained mutation: Spells you cast may paralyse adjacent
                  | enemies. [demonic ancestry]
  2024 | D:2      | Reached XP level 5. HP: 32/39 MP: 2/8
  2623 | D:3      | Found an iron altar of Okawaru.
  3251 | D:4      | Noticed Grinder
  3253 | D:4      | Paralysed by Grinder for 2 turns
  3267 | D:4      | Paralysed by Grinder for 2 turns
  3272 | D:4      | Killed Grinder
  3273 | D:4      | Reached skill level 5 in Ice Magic
  3273 | D:4      | Gained mutation: You have a pair of horns on your head.
                  | [demonic ancestry]
  3273 | D:4      | Reached XP level 6. HP: 6/48 MP: 10/10
  3431 | D:4      | Found a glowing drain.
  3440 | Sewer    | Entered a sewer
  3704 | Sewer    | Learned a level 4 spell: Summon Ice Beast
  4007 | Sewer    | Gained mutation: Your demonic aura often causes spilled
                  | blood to erupt in flames. [demonic ancestry]
  4007 | Sewer    | Reached XP level 7. HP: 54/54 MP: 11/11
  4120 | D:4      | Gained mutation: Your spells are a little harder to cast,
                  | but a little more powerful. [potion of mutation]
  4120 | D:4      | Gained mutation: You have sharp toenails. [potion of
                  | mutation]
  4368 | D:4      | Found a runed translucent door.
  4369 | D:4      | Noticed Crazy Yiuf
  4375 | D:4      | Killed Crazy Yiuf
  4682 | D:5      | Entered Level 5 of the Dungeon
  4976 | D:5      | Found a shimmering blue altar of Sif Muna.
  5006 | D:5      | Found Fanoda's Armour Emporium.
  5151 | D:5      | Found a staircase to the Ecumenical Temple.
  5156 | Temple   | Entered the Ecumenical Temple
  5177 | Temple   | Became a worshipper of Gozag Ym Sagoz the Greedy
  5343 | D:5      | Identified the +0 ring mail of Sunlight {+Inv rN+++ Will-}
  5481 | D:5      | Found a sparkling altar of Nemelex Xobeh.
  5774 | D:6      | Reached skill level 5 in Fighting
  5810 | D:6      | Reached skill level 6 in Ice Magic
  5843 | D:6      | Found a radiant altar of Vehumet.
  5848 | D:6      | Reached XP level 8. HP: 62/62 MP: 13/13
  6071 | D:6      | Found a snail-covered altar of Cheibriados.
  6914 | D:7      | Reached skill level 7 in Ice Magic
  7162 | D:7      | Reached XP level 9. HP: 52/71 MP: 15/15
  7653 | D:7      | Reached skill level 5 in Spellcasting
  7816 | D:8      | Reached skill level 5 in Dodging
  7849 | D:8      | Reached skill level 8 in Ice Magic
  7992 | D:8      | Found a bloodstained altar of Trog.
  8341 | D:8      | Found a shadowy altar of Dithmenos.
  8489 | D:8      | Noticed a tengu warrior
  8569 | D:8      | Killed a tengu warrior
  8570 | D:8      | Reached XP level 10. HP: 82/82 MP: 18/18
  8698 | D:8      | Found a shimmering altar of Xom.
  8928 | D:9      | Noticed a two-headed ogre
  9030 | D:9      | Noticed Erica
  9038 | D:9      | Killed Erica
  9039 | D:9      | Reached skill level 9 in Ice Magic
  9066 | D:9      | Lost mutation: You have sharp toenails. [potion of
                  | mutation]
  9066 | D:9      | Lost mutation: Your spells are a little harder to cast, but
                  | a little more powerful. [potion of mutation]
  9066 | D:9      | Gained mutation: You occasionally shout uncontrollably at
                  | your foes. [potion of mutation]
  9066 | D:9      | Gained mutation: You have large cloven feet. [potion of
                  | mutation]
  9066 | D:9      | Gained mutation: You are agile. (Dex +4, Str/Int -1)
                  | [potion of mutation]
  9403 | D:9      | Noticed a two-headed ogre
  9411 | D:9      | Killed a two-headed ogre
  9626 | D:9      | Found a broken altar of Ashenzari.
 10042 | D:10     | Entered Level 10 of the Dungeon
 10054 | D:10     | Reached skill level 10 in Ice Magic
 10057 | D:10     | Gained mutation: You have a pair of large horns on your
                  | head. [demonic ancestry]
 10057 | D:10     | Reached XP level 11. HP: 74/89 MP: 19/20
 10316 | D:10     | Noticed a boulder beetle
 10317 | D:10     | Noticed a fire giant
 10329 | D:10     | Mangled by a fire giant

Illustrated notes

Levels and vault maps discovered:
D:1:      saegor_arrival_under_anarchy, layout_loops_corners,
          shapermc_ecumenical_altar_mp_highgroup, chequers_serial_rivers_micro_e
D:2:      wad_crossroads, layout_loops_ring, uniq_robin, uniq_jessica,
          uniq_terence
D:3:      layout_basic, okawaru_metal_pillars_1_2, moated_statue
D:4:      layout_rooms, lemuel_tele_altar, portal_sewer_entry_b, uniq_grinder,
          uniq_crazy_yiuf_cottage
D:5:      layout_basic, general_overflow_altar, nicolae_sif_muna_condensation,
          minmay_temple_entry_nine_rooms, serial_glass, glass_columns_a,
          glass_columns_b, serial_shops,
          nicolae_shop_temple_entry_statues_fountains
D:6:      layout_basic, slow_altar_1, lemuel_crystal_altar, serial_rivers,
          chequers_serial_rivers_large_a, chequers_serial_rivers_small_a,
          chequers_serial_rivers_room_a, chequers_serial_rivers_micro_b,
          enter_ossuary_5, minmay_fountain_box
D:7:      layout_basic
D:8:      minmay_chambers_of_fours, layout_rooms, xom_butterflies,
          mainiacjoe_overflow_paths, mainiacjoe_overflow_surrounded_room
D:9:      layout_gridville, lemuel_coloured_pillars_altar, uniq_erica
D:10:     nzn_winding_woodlands_cross [nzn_winding_woodlands_5x15_twine,
          nzn_winding_woodlands_5x15_split_checker,
          nzn_winding_woodlands_5x15_sidewinder,
          nzn_winding_woodlands_5x15_pockets,
          nzn_winding_woodlands_15x15_killbox], layout_irregular_city,
          uniq_harold
Temple:   minmay_temple_bridge_abc

Skill      XL: |  1  2  3  4  5  6  7  8  9 10 |
---------------+-------------------------------+-----
Fighting       | 1 2 3 4 5 6 8 9 |  9.7
Dodging        | 2 3 4 5 6 |  6.7
Ice Magic      | 4 5 6 7 8 10 | 10.2
Spellcasting   | 3 4 5 6 |  6.7
Stealth        | |  1.7

Action                     |  1- 3 |  4- 6 |  7- 9 | 10-12 || total
---------------------------+-------+-------+-------+-------++-------
  Melee: Unarmed           |    12 |       |       |       ||    12
         Club              |    11 |       |       |       ||    11
         Dagger            |    25 |       |       |    21 ||    46
         Headbutt          |     8 |    13 |    30 |    17 ||    68
         Spear             |    21 |    22 |       |       ||    43
         Short sword       |       |   108 |   160 |    31 ||   299
         Punch             |       |     1 |     3 |     1 ||     5
         Kick              |       |       |    46 |    22 ||    68
  Throw: Dart              |       |       |     2 |       ||     2
   Cast: Freeze            |    34 |    25 |    38 |    35 ||   132
         Frozen Ramparts   |     2 |    22 |    42 |    21 ||    87
         Ozocubu's Armour  |       |     7 |    22 |    13 ||    42
         Summon Ice Beast  |       |       |     2 |     4 ||     6
  Evoke: Wand              |       |       |     8 |       ||     8
    Use: Scroll            |       |     8 |     8 |     1 ||    17
         Potion            |       |     1 |     3 |     4 ||     8
   Stab: Sleeping          |     4 |     4 |       |       ||     8
         Paralysed         |       |     9 |    57 |    34 ||   100
 Armour: Robe              |    54 |    66 |    96 |    46 ||   262
         Skin              |       |       |    10 |       ||    10
  Dodge: Dodged            |    58 |    73 |    74 |    58 ||   263

Table legend: (Time is in decaauts)
 A = Elapsed time spent in this place.
 B = Non-inter-level travel time spent in this place.
 C = Inter-level travel time spent in this place.
 D = Time resting spent in this place.
 E = Time spent auto-exploring this place.
 F = Levels seen in this place.
 G = Mean time per level.
                   A        B        C        D        E       F      G
               +--------+--------+--------+--------+--------+-----+--------+
         Total |  10426 |  10107 |    319 |   1588 |   6622 |  12 |  868.8 |
       Dungeon |   9674 |   9374 |    300 |   1561 |   6170 |  10 |  967.4 |
        Temple |     41 |     22 |     19 |      0 |      0 |   1 |   41.0 |
         Sewer |    710 |    710 |      0 |     27 |    452 |   1 |  710.0 |
               +--------+--------+--------+--------+--------+-----+--------+

Top non-repeatable levels by time:
     D:1: 1290 daAuts
     D:8: 1276 daAuts
     D:2: 1264 daAuts
     D:6: 1035 daAuts
     D:9: 1021 daAuts
     D:7: 960 daAuts
     D:5: 897 daAuts
     D:3: 823 daAuts
     D:4: 818 daAuts
   Sewer: 710 daAuts
    D:10: 286 daAuts
  Temple: 41 daAuts
